 Dungeon Crawl Stone Soup version 0.29.1-15-g9cfb28693d (webtiles) character file.

Game seed: 13972378536402410346

228 booth the Firebug (level 5, -2/35 HPs)
             Began as a Demonspawn Fire Elementalist on Mar 6, 2023.
             Was a Follower of Dithmenos.
             Slain by Blork the orc
             ... wielding a +0 trident
              (7 damage)
             ... on level 4 of the Dungeon.
             The game lasted 00:27:18 (4233 turns).

booth the Firebug (Demonspawn Fire Elementalist)    Turns: 4233, Time: 00:27:19

Health: -2/35      AC:  4    Str:  9    XL:     5   Next: 70%
Magic:  1/9        EV: 21    Int: 18    God:    Dithmenos [*.....]
Gold:   227        SH:  0    Dex: 13    Spells: 4/10 levels left

rFire   . . .      SeeInvis .   x - +0 hand axe (flame)
rCold   . . .      Faith    .   (no shield)
rNeg    + . .      Spirit   .   a - +0 robe
rPois   .          Reflect  .   (helmet restricted)
rElec   .          Harm     .   (no cloak)
rCorr   .          Rampage  .   (no gloves)
Will    .....                   m - +1 pair of boots
Stlth   +++.......              (no amulet)
HPRegen 0.11/turn               e - +4 ring of evasion
MPRegen 0.11/turn               q - ring of positive energy

@: agile, very slightly contaminated, wreathed by umbra
A: antennae 2, powered by pain 1
a: Renounce Religion


You were on level 4 of the Dungeon.
You worshipped Dithmenos.
Dithmenos was aware of your devotion.
You visited 1 branch of the dungeon, and saw 4 of its levels.

You collected 227 gold pieces.

Inventory:

Hand Weapons
 c - a +0 short sword
 v - a +0 flail
 x - a +0 hand axe of flaming (weapon)
Armour
 a - a +0 robe (worn)
 m - a +1 pair of boots (worn)
 w - a +0 leather armour
Jewellery
 e - a +4 ring of evasion (left hand)
 q - a ring of positive energy (right hand)
 r - a ring of positive energy
 t - a +6 ring of dexterity
 u - an amulet of the acrobat
Scrolls
 d - 2 scrolls of enchant armour
 f - 2 scrolls of amnesia
 g - 3 scrolls of fear
 l - 2 scrolls of fog
Potions
 b - a potion of magic
 h - a potion of attraction
 i - a potion of resistance
 j - 2 potions of lignification {unknown}
 k - 2 potions of heal wounds {unknown}
 n - a potion of flight
 o - 3 potions of curing {unknown}
 p - 2 potions of berserk rage {unknown}


   Skills:
 + Level 0.0 Axes
 + Level 2.8 Dodging
 + Level 3.0 Stealth
 + Level 3.0 Spellcasting
 + Level 2.5 Conjurations
 * Level 3.5 Fire Magic


You had 4 spell levels left.
You knew the following spells:

 Your Spells              Type           Power      Damage    Failure   Level
a - Foxfire               Conj/Fire      52%        2x1d6     4%          1
b - Scorch                Fire           30%        2d7       6%          2
c - Conjure Flame         Conj/Fire      13%        6-21      14%         3

Your spell library contained the following spells:

 Spells                   Type           Power      Damage    Failure   Level
 Inner Flame              Hex/Fire       9%         N/A       24%         3
 Flame Wave               Conj/Fire      13%        2d6       41%         4
 Portal Projectile        Hex/Tloc       4%         N/A       43%         3
 Tukima's Dance           Hex            2%         N/A       43%         3
 Blade Hands              Tmut           1%         N/A       99%         5


Dungeon Overview and Level Annotations

Branches:
Dungeon (4/15)
 Temple: D:4-7

Altars:
Dithmenos
Gozag

Annotations:
D:4 Blork the orc


Innate Abilities, Weirdness & Mutations

You have a pair of antennae on your head.
You sometimes gain a little power by taking damage.


Message History

The puff of flame hits you.
Casting: Conjure Flame (quite dangerous; 14% risk of failure)
Confirm with . or Enter, or press ? or * to list all spells.
You conjure some foxfire!
Casting: Foxfire (safe; 4% risk of failure)
Confirm with . or Enter, or press ? or * to list all spells.
You miscast Scorch.
You are very lightly contaminated with residual magic.
Nothing appears to happen.
The foxfire hits Blork the orc.
Blork the orc is heavily wounded.
The foxfire hits Blork the orc.
Blork the orc is heavily wounded.
Blork the orc completely misses you.
Casting: Scorch (safe; 6% risk of failure)
Confirm with . or Enter, or press ? or * to list all spells.
Flames lash Blork the orc.
Blork the orc is almost dead.
Blork the orc's fire resistance burns away.
Blork the orc drinks a potion.
Blork the orc seems to grow stronger.
Casting: Scorch (safe; 6% risk of failure)
Confirm with . or Enter, or press ? or * to list all spells.
You conjure some foxfire!
Blork the orc casts a spell.
Blork the orc seems to speed up.
The foxfire hits Blork the orc but does no damage.
Blork the orc is almost dead.
The foxfire hits Blork the orc but does no damage.
Blork the orc is almost dead.
Blork the orc screams, "I'll break your arms!"
Blork the orc misses you.
Casting: Foxfire (safe; 4% risk of failure)
Confirm with . or Enter, or press ? or * to list all spells.
You conjure some foxfire!
Blork the orc hits you from afar with a +0 trident!!
Ouch! That really hurt!
* * * LOW HITPOINT WARNING * * *
You focus on the pain.
You feel agile all of a sudden.
Blork the orc hits you from afar with a +0 trident!
You die...

#...#.......... .
##....##..........
##....#....#.....
##.....## #....
#......##.....
####.......#
###.#.o.#
#...#v..##.#
###.@ยง.....#
##v.......
....###.. #...##
#...# ....# #.###
#.


You could see Blork the orc (fast, strong, combustible, ally target).

Vanquished Creatures
  Menkaure (D:4)
  An orc wizard (D:4)
  An adder (D:2)
  2 dart slugs (D:1)
  5 orcs
  5 bats
  3 endoplasms
  2 giant cockroaches (D:2)
  10 hobgoblins
  2 jackals (D:1)
  7 kobolds
  3 quokkas
  2 ball pythons (D:1)
  5 frilled lizards
  5 goblins
  4 rats
  A spectral kobold (D:2)
59 creatures vanquished.

Vanquished Creatures (others)
  117 foxfires
117 creatures vanquished.

Grand Total: 176 creatures vanquished

Notes
Turn   | Place    | Note
-------+----------+-------------------------------------------
     0 | D:1      | booth the Demonspawn Fire Elementalist began the quest for
                  | the Orb.
     0 | D:1      | Reached XP level 1. HP: 13/13 MP: 3/3
   304 | D:1      | Gained mutation: You have a pair of small antennae on your
                  | head. [demonic ancestry]
   304 | D:1      | Reached XP level 2. HP: 10/19 MP: 1/5
   307 | D:1      | Learned a level 2 spell: Scorch
  1566 | D:2      | Gained mutation: You have a pair of antennae on your head.
                  | [demonic ancestry]
  1566 | D:2      | Reached XP level 3. HP: 24/24 MP: 4/6
  1760 | D:2      | Learned a level 3 spell: Conjure Flame
  2247 | D:2      | Found a faded altar of an unknown god.
  2264 | D:2      | Prayed at the altar of an unknown god.
  2264 | D:2      | Became a worshipper of Dithmenos the Shadowed
  2264 | D:2      | Reached * piety under Dithmenos
  2943 | D:3      | Found an opulent altar of Gozag.
  3486 | D:4      | Noticed Menkaure
  3529 | D:4      | Gained mutation: You sometimes gain a little power by
                  | taking damage. [demonic ancestry]
  3529 | D:4      | Reached XP level 4. HP: 30/30 MP: 5/7
  3555 | D:4      | Killed Menkaure
  3556 | D:4      | Reached XP level 5. HP: 6/35 MP: 4/9
  4223 | D:4      | Noticed Blork the orc
  4233 | D:4      | Slain by Blork the orc

Illustrated notes

Levels and vault maps discovered:
D:1:      mrwooster_arrival_statue_3, layout_loops_corners
D:2:      layout_basic, basic_altar, dreamdust_ecumenical_altar_drowned_temple,
          serial_bayou_pond_c
D:3:      layout_loops_ring, grunt_gozag_statues
D:4:      layout_cave_pools, general_overflow_altar, nrook_campfire,
          uniq_menkaure, uniq_blork_the_orc

Skill      XL: |  1  2  3  4  5 |
---------------+----------------+-----
Stealth        | 2 3 |  3.0
Dodging        | 2 |  2.8
Fire Magic     | 3 |  3.5
Conjurations   | 2 |  2.5
Spellcasting   | 3 |  3.0

Action                   |  1- 3 |  4- 6 || total
-------------------------+-------+-------++-------
Melee: Short sword       |    43 |     9 ||    52
       Punch             |     1 |       ||     1
 Cast: Foxfire           |    50 |    19 ||    69
       Scorch            |     8 |     3 ||    11
  Use: Scroll            |    10 |     1 ||    11
 Stab: Sleeping          |     1 |       ||     1
Armor: Robe              |    10 |     3 ||    13
Dodge: Dodged            |    30 |    22 ||    52
